 Dungeon Crawl Stone Soup version 0.29.1-2-gbd0b4ee654 (webtiles) character file.

Game seed: 7732998675966119145

4 xian the Sneak (level 1, -1/18 HPs)
             Began as a Demonspawn Delver on Nov 26, 2022.
             Succumbed to an orc's poison
             ... on level 4 of the Dungeon.
             The game lasted 00:01:54 (285 turns).

xian the Sneak (Demonspawn Delver)                   Turns: 285, Time: 00:01:55

Health: -1/18      AC:  5    Str: 12    XL:     1   Next: 58%
Magic:  1/1        EV: 10    Int: 11    God:
Gold:   21         SH:  0    Dex: 14    Spells: 0/0 levels left

rFire   . . .      SeeInvis .   a - +0 short sword
rCold   . . .      Faith    .   (no shield)
rNeg    . . .      Spirit   .   i - +0 ring mail
rPois   .          Reflect  .   (no helmet)
rElec   .          Harm     .   (no cloak)
rCorr   .          Rampage  .   (no gloves)
Will    .....                   (no boots)
Stlth   ++........              (no amulet)
HPRegen 0.06/turn               (no ring)
MPRegen 0.07/turn               (no ring)

@: lethally poisoned (-1 -> -23)
A: no striking features
a: no special abilities


You were on level 4 of the Dungeon.
You visited 1 branch of the dungeon, and saw 3 of its levels.

You collected 21 gold pieces.

Inventory:

Hand Weapons
 a - a +0 short sword (weapon)
Armour
 i - a +0 ring mail (worn)
Wands
 g - a wand of digging (3)
Scrolls
 c - a scroll of fog
 d - a scroll of magic mapping
Potions
 f - a potion of haste
 h - a potion of invisibility {unknown}


   Skills:
 + Level 3.0 Fighting
 + Level 1.7 Short Blades
 + Level 1.7 Dodging
 + Level 4.7 Stealth


You couldn't memorise any spells.
You didn't know any spells.
Your spell library contained the following spells:

 Spells                   Type           Power      Damage    Failure   Level
 Malign Gateway           Summ/Tloc      0%         N/A       100%        7
 Summon Horrible Things   Summ           0%         N/A       100%        8


Dungeon Overview and Level Annotations

Branches:
Dungeon (5/15)
 Temple: D:4-7

Altars:

Annotations:
D:5 1 transporter


Message History

The hound attacks as you move away! The hound bites you but does no damage.
The hound attacks as you move away! The hound closely misses you.
The gnoll closely misses you.
The hound stops to sniff the ground.
The hound bites you but does no damage.
There is a stone staircase leading up here.
The gnoll hits you from afar with a +0 spear.
The hound bites you but does no damage.
You climb upwards.
The white imp shouts, "Take thy face hence, thou unhinged onion-eyed pimple!"
The jelly quivers.
You hear a shout!
Found a purple potion and a scroll labelled XASMEUJOLO.
There is a stone staircase leading down here.
Okay, then.
As you read the scroll of fear, it crumbles to dust.
You assume a fearsome visage.
The hound looks frightened!
The white imp looks frightened!
The jelly looks frightened!
The giant cockroach looks frightened!
An ogre comes into view. It is wielding a +0 giant club.
Okay, then.
A scorpion comes into view.
The orc shouts!
You hear a shout!
The scorpion moves out of view.
An orc comes into view. It is wielding a +0 club.
The orc moves out of view.
The orc shouts!
You hit the orc.
The orc is heavily wounded.
The orc hits you but does no damage.
You are poisoned.
You hit the orc but do no damage.
The orc is heavily wounded.
You feel sick.
The orc hits you with a +1 dagger of venom.
* * * LOW HITPOINT WARNING * * *
You are more poisoned.
You barely miss the orc.
The orc is heavily wounded.
You die...

#####..?#####
...####...........#
.5..O............B.
#>..........#
#####...#### #...#
#...# ##...##
#@o...# #.#.#.#
#.#.#.# #.#....
#....... #######.o.
## .... ..o..# #
#.. #.# .# ####.
..##.#.^# ###


You could see an orc.

Vanquished Creatures
  An orc (D:3)
  A ball python (D:4)
  A kobold (D:4)
3 creatures vanquished.

Notes
Turn   | Place    | Note
-------+----------+-------------------------------------------
     0 | D:5      | xian the Demonspawn Delver began the quest for the Orb.
     0 | D:5      | Reached XP level 1. HP: 18/18 MP: 1/1
    19 | D:5      | Noticed a gnoll bouda
    83 | D:4      | Noticed an orc wizard
   260 | D:3      | You fall into a shaft and drop 2 floors!
   264 | D:5      | Noticed a hound
   270 | D:5      | Noticed a water moccasin
   271 | D:4      | Noticed a jelly
   276 | D:4      | Noticed an ogre
   279 | D:4      | Noticed a scorpion
   285 | D:4      | Succumbed to an orc's poison

Illustrated notes

Levels and vault maps discovered:
D:3:      layout_basic
D:4:      layout_loops_cross, okawaru_altar_gauntlet_db, grunt_decor_junction
D:5:      gammafunk_wand_slinger, layout_cave_pools,
          mainiacjoe_overflow_six_doors_small, nicolae_grassy_gnolls,
          uniq_prince_ribbit1

Action                   || total
-------------------------++-------
Melee: Short sword       ||     9
  Use: Scroll            ||     1
 Stab: Sleeping          ||     2
Armor: Ring mail         ||    10
Dodge: Dodged            ||    15
